 Dungeon Crawl Stone Soup version 0.31-a0-161-gb58dd9be76 (webtiles) character file.

Game seed: 16079468811926307189

221 Moral the Cudgeller (level 5, -1/45 HPs)
             Began as a Minotaur Chaos Knight on June 13, 2023.
             Was a Plaything of Xom.
             Slain by an orc priest
             ... wielding a +0 morningstar
              (10 damage)
             ... on level 3 of the Dungeon.
             The game lasted 00:07:24 (1618 turns).

Moral the Cudgeller (Minotaur Chaos Knight)         Turns: 1618, Time: 00:07:24

Health: -1/45      AC:  6    Str: 18    XL:     5   Next: 65%
Magic:  4/4        EV:  5    Int:  9    God:    Xom [.*....]
Gold:   143        SH:  0    Dex: 16    Spells: 4/4 levels left

rFire   . . .        l - +3 club (spect)
rCold   . . .        (no shield)
rNeg    . . .        j - +0 plate armour
rPois   .            (helmet unavailable)
rElec   .            (no cloak)
rCorr   .            (no gloves)
SInv    .            (no boots)
Will    .....        f - amulet of regeneration Stlth
                     d - +6 ring of dexterity
HPRegen 1.07/turn    (no ring)
MPRegen 0.09/turn

%: no passive effects
@: no status effects
A: horns 3, retaliatory headbutt, deformed body
a: Renounce Religion


You were on level 3 of the Dungeon.
You worshipped Xom.
You were a plaything of Xom.
You visited 1 branch of the dungeon, and saw 3 of its levels.

You collected 143 gold pieces.

Inventory:

Hand Weapons
 l - a +3 spectral club (weapon)
Armour
 j - a +0 plate armour (worn)
 k - a +0 pair of gloves
Jewellery
 d - a +6 ring of dexterity (left hand)
 f - an amulet of regeneration (around neck)
Scrolls
 g - 2 scrolls of fog {unknown}
 n - 4 scrolls of teleportation {unknown}
 o - a scroll of blinking {unknown}
 q - a scroll of revelation {unknown}
Potions
 b - a potion of brilliance {unknown}
 h - 2 potions of lignification
 i - a potion of enlightenment {unknown}
 m - 2 potions of curing {unknown}
 p - a potion of cancellation {unknown}
Miscellaneous
 c - a piece from Xom's chessboard (15/15) (quivered)


   Skills:
 - Level 3.6 Fighting
 * Level 7.8 Maces & Flails
 - Level 2.4 Armour
 - Level 1.1 Dodging


You had 4 spell levels left.
You didn't know any spells.
Your spell library was empty.

Dungeon Overview and Level Annotations

Branches:
Dungeon (3/15)

Altars:
Ru
Vehumet


Innate Abilities, Weirdness & Mutations

You have a pair of large horns on your head.
You reflexively headbutt those who attack you in melee.
Armour fits poorly on your strangely shaped body.


Message History

The goblin zaps a wand.
The puff of flame misses you.
The puff of flame hits the orc!
The orc dies!
The orc hits you with a +0 flail.
The orc priest hits you with a +0 morningstar.
You barely miss the orc priest.
The orc priest is heavily wounded.
Your +2 spectral club completely misses the orc priest.
The orc hits you with a +0 flail. The orc barely misses you.
The orc hits your +2 spectral club with a +0 hand axe.
Your spectral weapon shares its damage with you!
The goblin hits you but does no damage.
The orc priest hits you with a +0 morningstar.
You hit the orc priest but do no damage.
Your headbutt misses the orc priest.
The orc priest is heavily wounded.
Your +2 spectral club hits the orc priest but does no damage.
The goblin hits you but does no damage. The orc hits you but does no damage.
The orc closely misses your +2 spectral club.
The orc priest hits you with a +0 morningstar!
* * * LOW HITPOINT WARNING * * *
The orc hits you but does no damage.
You hit the orc priest but do no damage.
Your headbutt misses the orc priest.
The orc priest is heavily wounded.
Your +2 spectral club hits the orc priest.
The orc hits you with a +0 hand axe.
* * * LOW HITPOINT WARNING * * *
The orc hits your +2 spectral club but does no damage.
The orc hits you with a +0 flail.
* * * LOW HITPOINT WARNING * * *
The orc priest completely misses your +2 spectral club.
The goblin zaps a wand.
The puff of flame hits you but does no damage.
As you read the scroll labelled BUGIENG ISKAOSCH, it crumbles to dust.
It is a scroll of enchant weapon.
Your +2 spectral club glows red for a moment.
Your +2 spectral club disappears.
The orc priest hits you with a +0 morningstar!
You die...

###+#####.##....###.†.......
.....# #..## #...........##
##:..# ##l# #####......##
...# #.# ####........# ...
#.. #....#........ ..
##..#..###.......## .
#.......##.......#
.....#.g..#.##.#...
##....ho@.#.. .#.#.
...#._.#oo...### #
.#.....hh..#.#
.....#.......#
.#.......#.#..
###.........## ...##......
#... ........


You could see an orc priest, 2 orcs, 3 jackals and a goblin.

Vanquished Creatures
  A boggart (D:3)
  Jessica (D:2)
  4 gnolls
  An adder (D:2)
  2 worms (D:2)
  2 dart slugs (D:1)
  An orc (D:3)
  9 ball pythons
  2 bats (D:1)
  3 endoplasms
  4 giant cockroaches (D:1)
  3 goblins
  6 hobgoblins
  2 quokkas (D:1)
  4 frilled lizards
  6 kobolds
  4 rats
55 creatures vanquished.

Vanquished Creatures (collateral kills)
  A ball python (D:2)
1 creature vanquished.

Vanquished Creatures (others)
  An orc (D:3)
  A rat zombie (D:2)
2 creatures vanquished.

Grand Total: 58 creatures vanquished

Notes
Turn   | Place    | Note
-------+----------+-------------------------------------------
     0 | D:1      | Moral the Minotaur Chaos Knight began the quest for the
                  | Orb.
     0 | D:1      | Reached XP level 1. HP: 19/19 MP: 0/0
   113 | D:1      | Reached skill level 4 in Maces & Flails
   142 | D:1      | XOM: divination: detect creatures
   194 | D:1      | Reached XP level 2. HP: 24/26 MP: 1/1
   256 | D:1      | Reached skill level 5 in Maces & Flails
   382 | D:1      | XOM: silly message
   522 | D:1      | Reached XP level 3. HP: 31/31 MP: 2/2
   546 | D:1      | XOM: give mutations
   546 | D:1      | Gained mutation: You have a pair of large horns on your
                  | head. [Xom's mischief]
   546 | D:1      | Gained mutation: Armour fits poorly on your strangely
                  | shaped body. [Xom's mischief]
   623 | D:1      | XOM: silly message
  1037 | D:2      | Noticed Jessica
  1043 | D:2      | HP: 1/31 [+2 spectral club[Jessica] (7)]
  1046 | D:2      | Killed Jessica
  1047 | D:2      | Reached skill level 6 in Maces & Flails
  1047 | D:2      | Reached XP level 4. HP: 6/39 MP: 3/3
  1378 | D:2      | XOM: summons 3 hostile demons
  1501 | D:3      | Found a sacrificial altar of Ru.
  1560 | D:3      | Noticed Terence
  1564 | D:3      | XOM: chaos upgrade
  1565 | D:3      | Terence changed into Terence the boggart
  1565 | D:3      | Noticed Terence
  1565 | D:3      | XOM: polymorph Terence -> Terence the boggart
  1568 | D:3      | Killed Terence the boggart
  1569 | D:3      | Reached skill level 7 in Maces & Flails
  1569 | D:3      | Reached XP level 5. HP: 43/45 MP: 4/4
  1573 | D:3      | XOM: polymorph kobold -> ball python
  1603 | D:3      | Found a radiant altar of Vehumet.
  1618 | D:3      | Slain by an orc priest

Illustrated notes

Levels and vault maps discovered:
D:1:      ebering_hopf_link, layout_loops_ring, serial_glass, glass_columns_a,
          glass_columns_c
D:2:      layout_rooms, uniq_jessica
D:3:      layout_rooms, nicolae_gozag_cash_rules_everything_around_me,
          mainiacjoe_overflow_24_doors, vehumet_altar_wand_db, serial_curves,
          eino_curves_04, eino_curves_04, cheibrodos_sewer_entry_sluice,
          uniq_terence

Skill      XL: |  1  2  3  4 |
---------------+-------------+-----
Maces & Flails | 4 5 6 7 |  7.8
Fighting       | |  3.6
Armour         | |  2.4
Dodging        | |  1.1

Action                     |  1- 3 |  4- 6 || total
---------------------------+-------+-------++-------
  Melee: Mace              |    71 |     4 ||    75
         Headbutt          |    13 |     9 ||    22
         Club              |       |    52 ||    52
    Use: Potion            |     1 |       ||     1
         Scroll            |       |     1 ||     1
   Stab: Sleeping          |     2 |       ||     2
 Armour: Leather armour    |     8 |       ||     8
         Plate armour      |    16 |    41 ||    57
         Skin              |     3 |     3 ||     6
  Dodge: Dodged            |    35 |    19 ||    54

Table legend: (Time is in decaauts)
 A = Elapsed time spent in this place.
 B = Non-inter-level travel time spent in this place.
 C = Inter-level travel time spent in this place.
 D = Time resting spent in this place.
 E = Time spent auto-exploring this place.
 F = Levels seen in this place.
 G = Mean time per level.
                   A        B        C        D        E       F      G
               +--------+--------+--------+--------+--------+-----+--------+
         Total |   1625 |   1619 |      6 |    387 |    750 |   3 |  541.7 |
       Dungeon |   1625 |   1619 |      6 |    387 |    750 |   3 |  541.7 |
               +--------+--------+--------+--------+--------+-----+--------+

Top non-repeatable levels by time:
     D:1: 876 daAuts
     D:2: 619 daAuts
     D:3: 128 daAuts
